 Dungeon Crawl Stone Soup version 0.31-a0-216-g22e908daa7 (webtiles) character file.

Game seed: 3632359402717454063

24754 qw the Blocker (level 13, -2/80 HPs)
             Began as a Gargoyle Fighter on July 1, 2023.
             Was an Elder of Okawaru.
             Slain by a death yak (18 damage)
             ... on level 4 of the Lair of Beasts.
             The game lasted 00:06:43 (10989 turns).

qw the Blocker (Gargoyle Fighter)                  Turns: 10989, Time: 00:06:44

Health: -2/80      AC: 25    Str: 19    XL:     13   Next: 15%
Magic:  17/17      EV: 14    Int: 13    God:    Okawaru [****..]
Gold:   510        SH: 19    Dex:  9    Spells: 12/12 levels left

rFire   . . .        g - +2 war axe (vamp)
rCold   . . .        e - +0 tower shield
rNeg    + . .        m - +0 chain mail
rPois   inf          (no helmet)
rElec   +            (no cloak)
rCorr   .            (no gloves)
SInv    .            (no boots)
Will    +++..        (no amulet)
Stlth   +            b - ring of Gaul {Will+++ AC+4 Str-3 Int+3 Stlth+}
HPRegen 0.33/turn    w - +5 ring of evasion
MPRegen 0.15/turn

%: no passive effects
@: about to teleport, heroic
A: sickness immunity, AC +9, negative energy resistance 1, electricity
resistance, torment resistance 1, petrification resistance, hooves 1, weak 1
a: Renounce Religion, Heroism, Finesse


You were on level 4 of the Lair of Beasts.
You worshipped Okawaru.
Okawaru was greatly pleased with you.
You visited 3 branches of the dungeon, and saw 15 of its levels.

You collected 550 gold pieces.
You spent 40 gold pieces at shops.


Innate Abilities, Weirdness & Mutations

You are immune to sickness and miasma.
Your stone body is resilient. (AC +9)
You are immune to poison.
You resist negative energy. (rN+)
You are resistant to electric shocks. (rElec)
You are resistant to unholy torment.
You are immune to petrification.
You have large cloven feet.
You are weak. (Str -2)


   Skills:
 + Level 9.5(14.5) Fighting
 - Level 12.0(17.0) Axes
 - Level 3.0(8.0) Throwing
 - Level 6.0(11.0) Armour
 - Level 2.1(7.1) Dodging
 - Level 14.6(19.6) Shields
 + Level 6.6 Invocations


You had 12 spell levels left.
You didn't know any spells.
Your spell library was empty.

Inventory:

Hand Weapons
 g - a +2 vampiric war axe (weapon)
 q - a +1 demon whip of venom
 t - a +0 war axe
 y - a +0 morningstar
Missiles
 s - 3 boomerangs (quivered)
Armour
 a - a scarf of repulsion
 e - a +0 tower shield (worn)
 m - a +0 chain mail (worn)
 o - a +0 helmet
 r - a +0 cloak
Jewellery
 b - the ring of Gaul (left hand) {Will+++ AC+4 Str-3 Int+3 Stlth+}
   (You acquired it on level 2 of the Dungeon)

   [ring of protection]

   AC:        It affects your AC (+4).
   Str:       It affects your strength (-3).
   Int:       It affects your intelligence (+3).
   Will:      It greatly increases your willpower.
   Stlth:     It makes you more stealthy.
 k - the ring of Livoff {*Slow rPois rF- Int+8 SInv}
   (You acquired it on level 10 of the Dungeon)

   [ring of see invisible]

   Int:       It affects your intelligence (+8).
   rF:        It makes you vulnerable to fire.
   rPois:     It protects you from poison.
   SInv:      It lets you see invisible.
   *Slow:     It may slow you when you take damage.
 u - an amulet of regeneration
 v - an amulet of reflection
 w - a +5 ring of evasion (right hand)
Scrolls
 n - a scroll of identify
Potions
 c - 10 potions of curing
 d - a potion of might
 f - 2 potions of attraction
 h - a potion of enlightenment
 i - a potion of lignification {unknown}
 j - a potion of mutation
 l - a potion of invisibility {unknown}
 p - a potion of resistance

Dungeon Overview and Level Annotations

Branches:
Dungeon (10/15)            Temple (1/1) D:7            Lair (4/5) D:10
 Shoals (0/4) Lair:3        Snake (0/4) Lair:3          Orc (0/2) D:10
  Slime: Lair:4-5

Altars:
Ashenzari
Cheibriados
Dithmenos
Elyvilon
Fedhas
Gozag
Hepliaklqana
Kikubaaqudgha
Makhleb
Nemelex Xobeh
Okawaru
Qazlal
Ru
Sif Muna
Trog
Uskayaw
Vehumet
Wu Jian
Xom
Yredelemnul
Zin
The Shining One

Shops:
D:10 (

Annotations:
Lair:2 1 runed translucent door, qw's ghost, journeyman GrHs


Message History

You block the death yak's attack.
The death yak gores you but does no damage.
You slice the death yak!!
You kick the death yak, but do no damage.
The death yak is almost dead.
You hit the death yak but do no damage. x2; You barely miss the death yak.
You block the death yak's attack.
The death yak gores you but does no damage.
You block the death yak's attack. The death yak closely misses you.
You hit the death yak. Your kick misses the death yak.
The death yak is almost dead.
You hit the death yak but do no damage. x2; You hit the death yak.
You barely miss the death yak. Your kick misses the death yak.
The death yak is almost dead.
You hit the death yak but do no damage. You hit the death yak.
You barely miss the death yak. You block the death yak's attack.
The death yak gores you! The death yak closely misses you.
The death yak gores you!!
You hit the death yak.
You feel better.
Your kick misses the death yak.
The death yak is almost dead.
You hit the death yak. You slash the death yak! You barely miss the death yak.
The death yak barely misses you. The death yak gores you! x2
You block the death yak's attack.
You hit the death yak.
You kill the death yak!
Okawaru accepts your kill.
You slash the death yak!
You feel better.
You barely miss the death yak. You hit the death yak but do no damage.
You block the death yak's attack. x2; The death yak closely misses you.
You hit the death yak.
You kick the death yak, but do no damage.
The death yak is heavily wounded.
You hit the death yak but do no damage. You slash the death yak!
The death yak gores you. The death yak gores you!!
You block the death yak's attack.
10989 ||| READING scroll of teleportation.
As you read the scroll of teleportation, it crumbles to dust.
You feel strangely unstable. You block the death yak's attack.
The death yak gores you!!
You die...

.......###~~~~~~##
.......##~~~)~~~~#
.......#~~~~~~~~~##
.......#~~#~~~)~~~#
.....###~##.._..#~~#
.....#### #.....##~# Y
.......# ####### ## ...
.#.....#############.....
###[............@Y.$.....
...............YY%.......
..##.......).............
.........................
.........................
.......7...7.......>....)
...##.7.P..P7...........<
... #...7.7..............
.. .. >....


You could see 3 death yaks.

Vanquished Creatures
  A hydra (Lair:3)
  2 death yaks (Lair:4)
  2 two-headed ogres (D:10)
  Amaemon (D:8)
  Pikel (D:6)
  5 elephants
  A merfolk siren (Lair:3)
  An orange demon (D:8)
  3 black mambas
  2 torpor snails
  2 rime drakes (Lair:1)
  2 komodo dragons (Lair:2)
  8 cane toads
  2 polar bears
  11 blink frogs
  3 dream sheep
  2 spriggans (Lair:3)
  6 wyverns
  Eustachio (D:4)
  25 yaks
  A steam dragon (D:6)
  A basilisk (Lair:3)
  7 water moccasins
  Edmund (D:5)
  3 nagas (Lair:3)
  A black bear (Lair:1)
  An orc warrior (D:8)
  An ogre (D:5)
  4 centaurs (Lair:4)
  12 wolves
  3 phantoms
  7 bullfrogs
  2 kobold brigands
  A necrophage (D:6)
  A scorpion (D:5)
  14 wights
  3 killer bees (D:10)
  3 howler monkeys
  A spectral bullfrog (D:6)
  A centaur zombie (D:6)
  2 hounds
  5 orc priests
  A bullfrog skeleton (D:6)
  A gnoll bouda (D:5)
  5 orc wizards
  A sleepcap (D:5)
  An iguana (D:4)
  Natasha (thrice) (D:4)
  A centaur simulacrum (D:6)
  5 adders
  18 gnolls
  2 white imps
  An ufetubus (D:5)
  3 worms
  4 dart slugs
  29 orcs
  9 ball pythons
  3 endoplasms
  4 giant cockroaches
  3 goblins
  5 hobgoblins
  2 jackals (D:1)
  33 kobolds
  4 quokkas
  4 bats
  6 frilled lizards
  7 rats
311 creatures vanquished.

Notes
Turn   | Place    | Note
-------+----------+-------------------------------------------
     0 | D:1      | qw the Gargoyle Fighter began the quest for the Orb.
     0 | D:1      | Reached XP level 1. HP: 14/14 MP: 1/1
     0 | D:1      | 0 ||| qw: Version: 0.3-a-35-g05ef00e
     0 | D:1      | 0 ||| qw: Game counter: 7741
     0 | D:1      | 0 ||| qw: Melee chars always use a shield: true
     0 | D:1      | 0 ||| qw: God list: Okawaru
     0 | D:1      | 0 ||| qw: Allow faded altars: false
     0 | D:1      | 0 ||| qw: Do Orc after clearing Dungeon:15 true
     0 | D:1      | 0 ||| qw: Do second Lair branch before Depths: true
     0 | D:1      | 0 ||| qw: Lair rune preference: random
     0 | D:1      | 0 ||| qw: Goals: Normal, Zot:1-4, Slime:5, God:TSO, Crypt,
                  | Tomb, Abyss, Pan, Hells, Win
     0 | D:1      | 0 ||| PLANNING D:1-11
    95 | D:1      | 95 ||| UPGRADING to +0 tower shield.
   105 | D:1      | 105 ||| DROPPING +0 buckler.
   106 | D:1      | 106 ||| DRINKING 2 ruby potions.
   107 | D:1      | 107 ||| DROPPING potion of brilliance.
   210 | D:1      | Reached XP level 2. HP: 9/19 MP: 2/2
   353 | D:1      | 353 ||| Stepping ~*~*~tactically~*~*~ (stealth).
   355 | D:1      | 355 ||| Stepping ~*~*~tactically~*~*~ (hiding).
   362 | D:1      | Reached skill level 4 in Shields
   460 | D:1      | Reached XP level 3. HP: 21/23 MP: 3/3
   476 | D:1      | Found a faded altar of an unknown god.
   543 | D:1      | 543 ||| READING scroll labelled XUDIUCR CIMAEH.
  1048 | D:1      | 1048 ||| READING scroll labelled MUC BUG SAE.
  1115 | D:2      | 1115 ||| Stepping ~*~*~tactically~*~*~ (hiding).
  1117 | D:2      | 1117 ||| Stepping ~*~*~tactically~*~*~ (hiding).
  1118 | D:2      | 1118 ||| Stepping ~*~*~tactically~*~*~ (hiding).
  1145 | D:2      | 1145 ||| Stepping ~*~*~tactically~*~*~ (stealth).
  1146 | D:2      | 1146 ||| Stepping ~*~*~tactically~*~*~ (stealth).
  1174 | D:2      | Reached skill level 5 in Shields
  1182 | D:2      | 1182 ||| Stepping ~*~*~tactically~*~*~ (stealth).
  1244 | D:2      | Reached XP level 4. HP: 28/28 MP: 4/4
  1436 | D:2      | 1436 ||| Stepping ~*~*~tactically~*~*~ (hiding).
  1438 | D:2      | 1438 ||| Stepping ~*~*~tactically~*~*~ (hiding).
  1451 | D:2      | HP: 5/28 [gnoll/+2 heavy flail (18)]
  1460 | D:2      | Reached skill level 3 in Axes
  1546 | D:2      | 1546 ||| DROPPING +0 club.
  2108 | D:2      | 2108 ||| UPGRADING to +0 chain mail.
  2118 | D:2      | 2118 ||| DROPPING +0 scale mail.
  2119 | D:2      | 2119 ||| READING scroll labelled LOCHIAXASA.
  2119 | D:2      | Identified a scroll of acquirement
  2119 | D:2      | 2119 ||| ACQUIRING ring of Gaul {Will+++ AC+4 Str-3 Int+3
                  | Stlth+}
  2119 | D:2      | Acquired the ring of Gaul {Will+++ AC+4 Str-3 Int+3 Stlth+}
  2121 | D:2      | 2121 ||| UPGRADING to ring of Gaul {Will+++ AC+4 Str-3
                  | Int+3 Stlth+}.
  2122 | D:2      | 2122 ||| READING scroll labelled PEKI DACAL IRR.
  2125 | D:2      | 2125 ||| READING scroll labelled ORIAWO PAEPYEF.
  2242 | D:3      | Reached XP level 5. HP: 32/32 MP: 5/5
  2287 | D:3      | 2287 ||| Stepping ~*~*~tactically~*~*~ (hiding).
  2288 | D:3      | 2288 ||| Stepping ~*~*~tactically~*~*~ (hiding).
  2311 | D:3      | Reached skill level 6 in Shields
  2640 | D:3      | 2640 ||| READING scroll labelled MENKUODYOXT.
  2664 | D:3      | 2664 ||| READING scroll labelled BIORRO GITHRO.
  2665 | D:3      | 2665 ||| DRINKING 2 emerald potions.
  2749 | D:4      | Noticed Natasha
  2758 | D:4      | Killed Natasha
  2759 | D:4      | Reached XP level 6. HP: 37/37 MP: 6/6
  2870 | D:4      | Reached skill level 7 in Shields
  2980 | D:4      | 2980 ||| Stepping ~*~*~tactically~*~*~ (hiding).
  3101 | D:4      | Noticed Eustachio
  3144 | D:4      | Killed Eustachio
  3145 | D:4      | Reached XP level 7. HP: 31/41 MP: 7/7
  3273 | D:4      | 3273 ||| FLEEEEING.
  3274 | D:4      | 3274 ||| FLEEEEING.
  3327 | D:4      | Noticed Natasha
  3328 | D:4      | 3328 ||| Stepping ~*~*~tactically~*~*~ (stealth).
  3334 | D:4      | Killed Natasha
  3373 | D:4      | 3373 ||| Stepping ~*~*~tactically~*~*~ (stealth).
  3375 | D:4      | 3375 ||| Stepping ~*~*~tactically~*~*~ (stealth).
  3377 | D:4      | 3377 ||| Stepping ~*~*~tactically~*~*~ (hiding).
  3379 | D:4      | 3379 ||| Stepping ~*~*~tactically~*~*~ (hiding).
  3416 | D:4      | 3416 ||| Stepping ~*~*~tactically~*~*~ (stealth).
  3417 | D:4      | 3417 ||| Stepping ~*~*~tactically~*~*~ (stealth).
  3424 | D:4      | 3424 ||| Stepping ~*~*~tactically~*~*~ (stealth).
  3435 | D:4      | 3435 ||| Stepping ~*~*~tactically~*~*~ (stealth).
  3456 | D:4      | 3456 ||| Stepping ~*~*~tactically~*~*~ (stealth).
  3457 | D:4      | 3457 ||| Stepping ~*~*~tactically~*~*~ (stealth).
  3509 | D:4      | 3509 ||| DROPPING +0 hand axe.
  3955 | D:4      | Noticed Natasha
  3956 | D:4      | 3956 ||| Stepping ~*~*~tactically~*~*~ (stealth).
  3957 | D:4      | 3957 ||| DRINKING 2 bubbling white potions.
  3957 | D:4      | Gained mutation: You have large cloven feet. [potion of
                  | mutation]
  3957 | D:4      | Gained mutation: You are weak. (Str -2) [potion of
                  | mutation]
  3959 | D:4      | 3959 ||| Stepping ~*~*~tactically~*~*~ (hiding).
  3963 | D:4      | Killed Natasha
  4086 | D:5      | Entered Level 5 of the Dungeon
  4086 | D:5      | Found a hide-covered altar of Uskayaw.
  4090 | D:5      | Reached skill level 8 in Shields
  4094 | D:5      | 4094 ||| STAIRDANCE
  4158 | D:5      | Reached XP level 8. HP: 40/46 MP: 8/8
  4210 | D:5      | 4210 ||| Stepping ~*~*~tactically~*~*~ (stealth).
  4214 | D:5      | 4214 ||| Stepping ~*~*~tactically~*~*~ (stealth).
  4218 | D:5      | Noticed Edmund
  4229 | D:5      | Reached skill level 9 in Shields
  4244 | D:5      | Killed Edmund
  4248 | D:5      | 4248 ||| DROPPING +2 heavy flail.
  4263 | D:5      | 4263 ||| Stepping ~*~*~tactically~*~*~ (stealth).
  4265 | D:5      | 4265 ||| Stepping ~*~*~tactically~*~*~ (stealth).
  4363 | D:5      | 4363 ||| Stepping ~*~*~tactically~*~*~ (hiding).
  4442 | D:5      | 4442 ||| Stepping ~*~*~tactically~*~*~ (stealth).
  4481 | D:5      | 4481 ||| READING scroll of enchant weapon.
  4481 | D:5      | 4481 ||| ENCHANTING +1 vampiric war axe.
  4812 | D:5      | 4812 ||| UPGRADING to +5 ring of evasion.
  4813 | D:5      | 4813 ||| READING scroll labelled BISAMUCVILYORI.
  4814 | D:5      | 4814 ||| DRINKING 2 grey potions.
  4856 | D:6      | Reached skill level 6 in Axes
  4944 | D:6      | Reached skill level 1 in Throwing
  4981 | D:6      | 4981 ||| Stepping ~*~*~tactically~*~*~ (stealth).
  5086 | D:6      | Reached XP level 9. HP: 49/52 MP: 9/9
  5106 | D:6      | Reached skill level 10 in Shields
  5107 | D:6      | Reached skill level 1 in Dodging
  5121 | D:6      | 5121 ||| Stepping ~*~*~tactically~*~*~ (stealth).
  5126 | D:6      | 5126 ||| Stepping ~*~*~tactically~*~*~ (stealth).
  5127 | D:6      | 5127 ||| FLEEEEING.
  5128 | D:6      | 5128 ||| FLEEEEING.
  5176 | D:6      | Noticed Pikel
  5187 | D:6      | HP: 13/52 [lemure[Pikel] (6)]
  5188 | D:6      | 5188 ||| READING 2 scrolls of teleportation.
  5189 | D:6      | 5189 ||| DRINKING potion of heal wounds.
  5203 | D:6      | 5203 ||| Stepping ~*~*~tactically~*~*~ (hiding).
  5221 | D:6      | Killed Pikel
  5242 | D:6      | Identified the +3 dagger "Hyank" {pain, rF- Will+ Str+6
                  | Int+3}
  5442 | D:6      | 5442 ||| Stepping ~*~*~tactically~*~*~ (cloud).
  5443 | D:6      | 5443 ||| Stepping ~*~*~tactically~*~*~ (cloud).
  5789 | D:6      | 5789 ||| DROPPING ring of wizardry.
  5790 | D:6      | 5790 ||| READING scroll labelled UXYLUG WAYNE.
  5828 | D:6      | 5828 ||| READING scroll labelled JORO FAEGIUNN.
  5829 | D:6      | 5829 ||| READING scroll labelled SOPSIW AGEAGGUNEK.
  5885 | D:7      | You fall into a shaft and drop 3 floors!
  5885 | D:10     | Entered Level 10 of the Dungeon
  5902 | D:10     | 5902 ||| READING scroll of acquirement.
  5902 | D:10     | 5902 ||| ACQUIRING ring of Livoff {*Slow rPois rF- Int+8
                  | SInv}
  5902 | D:10     | Acquired the ring of Livoff {*Slow rPois rF- Int+8 SInv}
  5916 | D:10     | Found a staircase to the Orcish Mines.
  5967 | D:10     | Noticed a two-headed ogre
  5976 | D:10     | Killed a two-headed ogre
  5977 | D:10     | Reached skill level 11 in Shields
  5977 | D:10     | Reached XP level 10. HP: 59/59 MP: 10/10
  5988 | D:10     | Noticed a two-headed ogre
  6001 | D:10     | Killed a two-headed ogre
  6124 | D:10     | Found Atexza's Weapon Boutique.
  6130 | D:10     | 6130 ||| BUYING +0 morningstar (40 gold).
  6130 | D:10     | Bought a +0 morningstar for 40 gold pieces
  6130 | D:10     | 6130 ||| DROPPING +3 heavy flail.
  6191 | D:10     | Found a staircase to the Lair.
  6293 | D:10     | Reached skill level 6 in Fighting
  6305 | D:10     | Reached skill level 9 in Axes
  6328 | D:10     | 6328 ||| READING scroll labelled HOSHRI ELAATESI.
  6508 | D:8      | 6508 ||| Stepping ~*~*~tactically~*~*~ (hiding).
  6531 | D:8      | Noticed Amaemon
  6533 | D:8      | Noticed an orange demon
  6542 | D:8      | HP: 10/60 [orange demon[Amaemon] (10)]
  6543 | D:8      | 6543 ||| READING scroll of teleportation.
  6548 | D:8      | 6548 ||| Stepping ~*~*~tactically~*~*~ (stealth).
  6571 | D:8      | 6571 ||| Stepping ~*~*~tactically~*~*~ (hiding).
  6609 | D:8      | 6609 ||| Stepping ~*~*~tactically~*~*~ (hiding).
  6622 | D:8      | Killed an orange demon
  6623 | D:8      | Reached skill level 12 in Shields
  6627 | D:8      | 6627 ||| Stepping ~*~*~tactically~*~*~ (stealth).
  6652 | D:8      | Killed Amaemon
  6699 | D:8      | Found a blossoming altar of Fedhas.
  6800 | D:8      | 6800 ||| READING scroll labelled COTHRI ETOE.
  6801 | D:8      | 6801 ||| READING 2 scrolls of identify.
  6801 | D:8      | 6801 ||| IDENTIFYING bubbling green potion
  6949 | D:7      | 6949 ||| Stepping ~*~*~tactically~*~*~ (stealth).
  6952 | D:7      | 6952 ||| Stepping ~*~*~tactically~*~*~ (hiding).
  6955 | D:7      | 6955 ||| Stepping ~*~*~tactically~*~*~ (hiding).
  7031 | D:7      | Found a staircase to the Ecumenical Temple.
  7032 | D:7      | 7032 ||| PLANNING TEMPLE
  7040 | Temple   | Entered the Ecumenical Temple
  7041 | Temple   | 7041 ||| PLANNING OKAWARU WORSHIP
  7078 | Temple   | Became a worshipper of Warmaster Okawaru
  7079 | Temple   | 7079 ||| PLANNING LAIR
  7164 | D:8      | Found an opulent altar of Gozag.
  7262 | Lair:1   | Entered Level 1 of the Lair of Beasts
  7266 | Lair:1   | Noticed a cane toad
  7271 | Lair:1   | Killed a cane toad
  7272 | Lair:1   | Reached XP level 11. HP: 67/67 MP: 11/11
  7296 | Lair:1   | 7296 ||| FLEEEEING.
  7298 | Lair:1   | 7298 ||| FLEEEEING.
  7299 | Lair:1   | 7299 ||| FLEEEEING.
  7300 | Lair:1   | 7300 ||| FLEEEEING.
  7301 | Lair:1   | 7301 ||| FLEEEEING.
  7302 | Lair:1   | 7302 ||| FLEEEEING.
  7303 | Lair:1   | 7303 ||| FLEEEEING.
  7304 | Lair:1   | 7304 ||| FLEEEEING.
  7305 | Lair:1   | 7305 ||| FLEEEEING.
  7306 | Lair:1   | 7306 ||| FLEEEEING.
  7307 | Lair:1   | 7307 ||| FLEEEEING.
  7308 | Lair:1   | 7308 ||| FLEEEEING.
  7435 | Lair:1   | 7435 ||| Stepping ~*~*~tactically~*~*~ (stealth).
  7436 | Lair:1   | 7436 ||| Stepping ~*~*~tactically~*~*~ (stealth).
  7437 | Lair:1   | 7437 ||| Stepping ~*~*~tactically~*~*~ (stealth).
  7439 | Lair:1   | 7439 ||| Stepping ~*~*~tactically~*~*~ (stealth).
  7472 | Lair:1   | Reached * piety under Okawaru
  7474 | Lair:1   | 7474 ||| Stepping ~*~*~tactically~*~*~ (stealth).
  7497 | Lair:1   | Reached skill level 1 in Invocations
  7557 | Lair:1   | 7557 ||| INVOKING Heroism.
  7576 | Lair:1   | Reached skill level 13 in Shields
  7582 | Lair:1   | Reached skill level 3 in Invocations
  7636 | Lair:1   | 7636 ||| INVOKING Heroism.
  7670 | Lair:1   | 7670 ||| INVOKING Heroism.
  7678 | Lair:1   | Reached ** piety under Okawaru
  7784 | Lair:1   | 7784 ||| INVOKING Heroism.
  7933 | Lair:1   | 7933 ||| INVOKING Heroism.
  8170 | Lair:1   | You fall into a shaft and drop 1 floor!
  8174 | Lair:2   | 8174 ||| INVOKING Heroism.
  8216 | Lair:2   | 8216 ||| Stepping ~*~*~tactically~*~*~ (stealth).
  8218 | Lair:2   | 8218 ||| Stepping ~*~*~tactically~*~*~ (stealth).
  8221 | Lair:2   | 8221 ||| Stepping ~*~*~tactically~*~*~ (stealth).
  8238 | Lair:2   | Reached *** piety under Okawaru
  8249 | Lair:2   | Reached XP level 12. HP: 73/73 MP: 15/15
  8285 | Lair:2   | 8285 ||| Stepping ~*~*~tactically~*~*~ (stealth).
  8325 | Lair:2   | Found a runed translucent door.
  8366 | Lair:2   | 8366 ||| Stepping ~*~*~tactically~*~*~ (stealth).
  8369 | Lair:2   | 8369 ||| INVOKING Heroism.
  8386 | Lair:2   | Reached skill level 9 in Fighting
  8431 | Lair:2   | 8431 ||| READING 2 scrolls labelled NATUIPT VURU.
  8432 | Lair:2   | 8432 ||| READING 2 scrolls of identify.
  8432 | Lair:2   | 8432 ||| IDENTIFYING golden potion
  8433 | Lair:2   | 8433 ||| DROPPING scroll of blinking.
  8438 | Lair:2   | 8438 ||| INVOKING Heroism.
  8772 | Lair:2   | Noticed qw's ghost (journeyman GrHs)
  8868 | Lair:2   | 8868 ||| INVOKING Heroism.
  8876 | Lair:2   | Reached skill level 14 in Shields
  8924 | Lair:2   | 8924 ||| INVOKING Heroism.
  8946 | Lair:2   | 8946 ||| Stepping ~*~*~tactically~*~*~ (stealth).
  8955 | Lair:2   | 8955 ||| INVOKING Heroism.
  9159 | Lair:2   | 9159 ||| INVOKING Heroism.
  9443 | Lair:3   | 9443 ||| INVOKING Heroism.
  9452 | Lair:3   | Reached skill level 3 in Throwing
  9528 | Lair:3   | Noticed a seven-headed hydra
  9529 | Lair:3   | 9529 ||| Stepping ~*~*~tactically~*~*~ (stealth).
  9530 | Lair:3   | 9530 ||| INVOKING Heroism.
  9534 | Lair:3   | 9534 ||| SWAPPING to +1 demon whip of venom.
  9543 | Lair:3   | Killed a seven-headed hydra
  9544 | Lair:3   | Reached skill level 12 in Axes
  9544 | Lair:3   | 9544 ||| SWAPPING to +2 vampiric war axe.
  9558 | Lair:3   | 9558 ||| INVOKING Heroism.
  9580 | Lair:3   | 9580 ||| INVOKING Heroism.
  9594 | Lair:3   | Reached **** piety under Okawaru
  9598 | Lair:3   | 9598 ||| INVOKING Heroism.
  9696 | Lair:3   | Reached skill level 6 in Armour
  9710 | Lair:3   | 9710 ||| Stepping ~*~*~tactically~*~*~ (stealth).
  9712 | Lair:3   | 9712 ||| Stepping ~*~*~tactically~*~*~ (stealth).
  9886 | Lair:3   | 9886 ||| Stepping ~*~*~tactically~*~*~ (stealth).
 10125 | Lair:3   | Found a staircase to the Shoals.
 10343 | Lair:3   | 10343 ||| Stepping ~*~*~tactically~*~*~ (hiding).
 10344 | Lair:3   | 10344 ||| Stepping ~*~*~tactically~*~*~ (hiding).
 10352 | Lair:3   | 10352 ||| Stepping ~*~*~tactically~*~*~ (hiding).
 10363 | Lair:3   | Reached XP level 13. HP: 61/80 MP: 17/17
 10400 | Lair:3   | Found a staircase to the Snake Pit.
 10537 | Lair:3   | 10537 ||| DROPPING ring of magical power.
 10564 | Lair:4   | Found a shimmering altar of Xom.
 10569 | Lair:4   | 10569 ||| STAIRDANCE
 10634 | Lair:4   | 10634 ||| STAIRDANCE
 10686 | Lair:4   | 10686 ||| INVOKING Heroism.
 10871 | Lair:4   | Reached skill level 6 in Invocations
 10960 | Lair:4   | 10960 ||| Stepping ~*~*~tactically~*~*~ (stealth).
 10961 | Lair:4   | 10961 ||| INVOKING Heroism.
 10988 | Lair:4   | HP: 16/80 [death yak (19)]
 10989 | Lair:4   | 10989 ||| READING scroll of teleportation.
 10989 | Lair:4   | Slain by a death yak

Levels and vault maps discovered:
D:1:      minmay_arrival_shattered_statue, layout_rooms,
          dreamdust_ecumenical_altar_grove, serial_co_window_serial,
          co_window_paths_b, co_window_paths_b, co_window_of_opportunity_a,
          co_window_paths_a, co_window_corner_a, co_window_of_opportunity_a,
          co_window_paths_a, co_window_paths_b, co_window_corner_a,
          co_window_of_opportunity_c, co_window_of_opportunity_b,
          co_window_corner_ca, co_window_of_opportunity_b,
          co_window_unsneaky_path_e, co_window_of_opportunity_c,
          co_window_4corner_a, nicolae_figureground_pulse
D:2:      layout_basic, feat_on_display
D:3:      layout_basic, glass_columns_b
D:4:      kennysheep_kobold_camp, layout_loops_ring, uniq_natasha,
          uniq_eustachio
D:5:      layout_gridville, overflow_temple_1_default, uniq_edmund
D:6:      layout_loops_ring, dilly_guarded_unrand_morg, uniq_pikel
D:7:      layout_basic, minmay_temple_entry_slanted, enter_bailey_1,
          chequers_garden, lemuel_flamethrower_1
D:8:      layout_loops_ring, mainiacjoe_overflow_large_starburst, uniq_joseph,
          uniq_amaemon
D:9:      layout_grid_maze
D:10:     layout_basic, lair_entry_dummy, orc_0_dummy, serial_shops,
          nicolae_shop_trees, minmay_crystal_room, uniq_maurice, uniq_erica
Temple:   hellmonk_temple_of_storms
Lair:1:   layout_chaotic_city, infiniplex_staircase_pool_2, serial_bayou_shore_b
Lair:2:   layout_cave_pods, gammafunk_ghost_grave
Lair:3:   wad_woods_tower, layout_regular_city,
          minmay_shoals_entry_lonely_mermaid, nicolae_snake_entry_squirm
Lair:4:   layout_cave_shapes, slime_entry_1, grunt_forest_stairs_basic,
          lemuel_centaur_altar, lemuel_fruit_fields

Skill      XL: |  1  2  3  4  5  6  7  8  9 10 11 12 13 |
---------------+----------------------------------------+-----
Axes           | 2 3 4 5 6 7 9 11 12 | 12.0
Shields        | 4 5 6 7 8 9 11 12 13 14 | 14.6
Fighting       | 4 5 7 8 9 |  9.5
Throwing       | 1 2 3 |  3.0
Dodging        | 1 2 |  2.1
Armour         | 5 6 |  6.0
Invocations    | 4 5 6 |  6.6

Action                     |  1- 3 |  4- 6 |  7- 9 | 10-12 | 13-15 || total
---------------------------+-------+-------+-------+-------+-------++-------
  Melee: War axe           |   118 |   179 |   341 |   631 |    54 ||  1323
         Kick              |       |       |    84 |   207 |    22 ||   313
         Demon whip        |       |       |       |     9 |       ||     9
  Throw: Javelin           |       |       |    17 |    24 |       ||    41
         Boomerang         |       |       |       |    42 |    35 ||    77
 Invoke: Heroism           |       |       |       |    17 |     2 ||    19
    Use: Potion            |     1 |     1 |     3 |       |       ||     5
         Scroll            |     2 |     5 |     7 |     6 |     1 ||    21
 Armour: Scale mail        |    55 |    35 |       |       |       ||    90
         Chain mail        |       |    89 |   217 |   274 |    41 ||   621
  Dodge: Dodged            |    36 |    39 |    87 |   272 |    50 ||   484
  Block: Tower shield      |    85 |   142 |   318 |   652 |   113 ||  1310

Table legend:
 A = Non-vault XP
 B = Vault XP
 C = Vault XP percentage of total XP
 D = Non-vault monster count
 E = Vault monster count
 F = Vault count percentage of total count
                 A         B        C        D         E       F
            +---------+---------+-------+---------+---------+-------
      Total |   29365 |    5998 |  17.0 |     261 |      50 |  16.1
            +---------+---------+-------+---------+---------+-------
        D:1 |      48 |       0 |   0.0 |      24 |       0 |   0.0
        D:2 |     108 |       0 |   0.0 |      23 |       0 |   0.0
        D:3 |     141 |       0 |   0.0 |      14 |       0 |   0.0
        D:4 |     328 |     362 |  52.5 |      18 |      23 |  56.1
        D:5 |     760 |     154 |  16.8 |      31 |       1 |   3.1
        D:6 |     816 |    1254 |  60.6 |      16 |      10 |  38.5
        D:7 |     376 |       0 |   0.0 |      16 |       0 |   0.0
        D:8 |     637 |    1196 |  65.2 |      15 |       2 |  11.8
       D:10 |    2861 |       0 |   0.0 |      15 |       0 |   0.0
     Lair:1 |    7460 |       0 |   0.0 |      27 |       0 |   0.0
     Lair:2 |    7967 |       0 |   0.0 |      33 |       0 |   0.0
     Lair:3 |    5208 |    2585 |  33.2 |      24 |      10 |  29.4
     Lair:4 |    2655 |     447 |  14.4 |       5 |       4 |  44.4
            +---------+---------+-------+---------+---------+-------
